Map: 强酸工厂 - 天梯版

Players

Tieru

  • Race: Zerg Zerg
  • League: Master
  • Spawn Location: 5:00

IIIIIIIIIIII - Winner!

  • Race: Terran Terran
  • League: Master
  • Spawn Location: 11:00

VOD

Have the link to the VOD?

Description

Time

  • Played on: July 7, 2018, 8:19 a.m.
  • Length: 10:08
Show
View Real Time Build Order
Export as new Build Order

Tieru Zerg 

Build Orders: Hatch First 

Get SALT Encoding   

  12  0:00  Drone  
  13  0:08  Drone  
  14  0:17  Overlord  
  14  0:21  Extractor  
  14  0:23  Drone  
  15  0:35  Drone x2  
  17  0:52  Hatchery  
  17  0:54  Drone  
  17  0:58  Drone  
  17  1:03  Extractor  
  17  1:14  Spawning Pool  
  17  1:16  Drone  
  17  1:19  Drone  
  18  1:27  Drone  
  19  1:37  Overlord  
  19  1:49  Drone  
  20  2:01  Queen  
  20  2:02  Zergling x2  
  20  2:04  Queen  
  20  2:06  Metabolic Boost  
  20  2:07  Zergling x2  
  26  2:11  Drone  
  26  2:15  Drone  
  28  2:21  Drone  
  29  2:33  Extractor  
  29  2:34  Drone x2  
  29  2:36  Drone  
  31  2:43  Drone  
  32  2:44  Queen  
  32  2:47  Overlord  
  33  3:02  Drone x2  
  33  3:05  Drone  
  36  3:09  Drone  
  36  3:12  Hatchery  
  36  3:13  Overlord  
  36  3:14  Drone x2  
  36  3:17  Drone  
  36  3:19  Drone  
  40  3:21  Drone  
  40  3:23  Drone  
  42  3:28  Baneling Nest  
  41  3:34  Queen  
  41  3:38  Queen  
  45  3:45  Drone  
  45  3:46  Drone x3  
  49  3:51  Zergling x4  
  49  3:53  Overlord  
  51  4:01  Overlord  
  51  4:18  Queen x2  
  51  4:19  Zergling x4  
  51  4:20  Drone x4  
  61  4:25  Drone  
  62  4:35  Overlord  
  62  4:36  Drone x2  
  64  4:41  Zergling x2  
  65  4:56  Zergling x2  
  65  4:57  Zergling x14  
  73  5:02  Overlord x2  
  73  5:03  Overlord  
  73  5:04  Lair  
  73  5:07  Evolution Chamber  
  73  5:08  Hatchery, Evolution Chamber  
  73  5:10  Drone x2  
  72  5:24  Drone x3  
  75  5:29  Drone x9  
  75  5:32  Baneling x5  
  75  5:33  Zergling x4  
  84  5:43  Zergling x4  
  84  5:47  Extractor  
  85  5:58  Zerg Missile Weapons Level 1, Zerg Melee Weapons Level 1  
  85  6:05  Drone x13  
  98  6:12  Centrifical Hooks  
  98  6:17  Extractor x2  
  96  6:19  Extractor  
  96  6:25  Drone x7  
  88  6:43  Zergling x18  
  96  6:54  Zergling x12  
  102  7:06  Zergling x2  
  102  7:07  Hydralisk Den  
  102  7:12  Overlord x3  
  102  7:20  Overlord x3  
  102  7:21  Drone  
  103  7:25  Hatchery  
  103  7:29  Queen  
  104  7:41  Overseer  
  104  7:45  Muscular Augments  
  104  7:46  Zergling x34  
  121  7:51  Infestation Pit  
  120  7:59  Drone  
  120  8:00  Drone x7  
  128  8:09  Hatchery  
  128  8:10  Hydralisk  
  128  8:11  Hydralisk x5  
  139  8:17  Hydralisk  
  139  8:18  Zergling x6  
  144  8:22  Baneling x11, Hydralisk x2  
  144  8:24  Zergling x6  
  151  8:33  Zergling x4  
  152  8:35  Hive  
  152  8:43  Drone x6  
  152  8:44  Overlord x2  
  152  8:45  Overlord x5  
  158  8:57  Grooved Spines  
  158  8:59  Overlord x2  
  158  9:03  Zergling x18  
  158  9:06  Baneling  
  158  9:08  Baneling x11  
  158  9:09  Baneling x3, Zergling x8  
  171  9:22  Zergling x28  
  185  9:31  Zergling x12  
  185  9:32  Zergling x4  
  168  9:55  Spire  
Show
View Real Time Build Order
Export as new Build Order

IIIIIIIIIIII Terran - Winner!

Build Orders: Reaper Expand, Hellion Banshee, Mech 

Get SALT Encoding   

  12  0:00  SCV  
  13  0:13  SCV  
  14  0:17  Supply Depot  
  14  0:25  SCV  
  15  0:38  SCV  
  15  0:39  Barracks  
  16  0:44  Refinery  
  16  0:50  SCV  
  17  1:03  SCV  
  18  1:15  SCV  
  19  1:26  Reaper  
  19  1:27  Orbital Command  
  20  1:39  Command Center  
  20  1:51  Supply Depot  
  20  1:53  SCV  
  21  2:02  Marine  
  21  2:05  SCV  
  23  2:14  Factory  
  23  2:17  SCV  
  23  2:21  Barracks Reactor  
  24  2:29  SCV  
  25  2:40  Command Center  
  25  2:41  SCV  
  26  2:51  Orbital Command  
  26  2:56  SCV  
  26  3:02  Starport  
  26  3:08  Refinery, SCV  
  26  3:10  Barracks Tech Lab  
  27  3:14  Hellion x2  
  27  3:18  SCV  
  32  3:20  SCV  
  33  3:30  SCV  
  33  3:32  SCV  
  35  3:42  SCV, Hellion x2  
  35  3:44  SCV  
  35  3:45  Banshee  
  44  3:51  Orbital Command  
  44  3:53  Refinery  
  44  3:54  SCV  
  44  3:55  Refinery  
  45  3:57  SCV  
  46  4:03  Hellion  
  46  4:04  Hellion  
  46  4:06  SCV  
  46  4:09  SCV  
  52  4:15  Supply Depot  
  52  4:18  SCV x2  
  52  4:21  SCV  
  55  4:28  Raven  
  55  4:30  SCV x2  
  59  4:33  SCV  
  60  4:38  Supply Depot  
  60  4:44  Cyclone x2, SCV  
  68  4:46  SCV  
  68  4:57  SCV  
  68  4:58  Orbital Command  
  68  4:59  Armory x2  
  69  5:00  SCV  
  69  5:02  Supply Depot  
  70  5:08  Supply Depot  
  70  5:09  SCV  
  70  5:10  Supply Depot  
  70  5:12  SCV  
  72  5:16  Hellion x2  
  72  5:21  SCV  
  77  5:24  SCV x2  
  79  5:33  SCV  
  80  5:36  SCV  
  80  5:37  Refinery  
  80  5:38  Hellion x2  
  80  5:42  SCV  
  86  5:45  SCV  
  86  5:48  Supply Depot  
  87  5:51  Supply Depot, Terran Vehicle And Ship Armor Level 1, Terran Vehicle Weapons Level 1  
  87  5:52  Refinery  
  87  5:55  Barracks Tech Lab  
  87  5:57  Factory x2  
  87  5:58  Starport Reactor  
  87  6:01  SCV, Hellion x6  
  87  6:02  SCV  
  87  6:03  SCV  
  90  6:08  Supply Depot  
  90  6:09  Supply Depot  
  90  6:14  SCV x2  
  90  6:15  Hellion x2  
  90  6:16  SCV  
  97  6:26  SCV x2  
  99  6:32  Supply Depot  
  99  6:33  SCV  
  99  6:38  SCV  
  103  6:40  Hellion x2  
  103  6:41  SCV  
  103  6:44  Supply Depot  
  103  6:45  SCV  
  105  6:50  SCV  
  105  6:53  Thor, SCV  
  113  6:55  Medivac x2  
  113  6:58  SCV  
  113  7:01  Supply Depot, Hellion x2  
  122  7:02  Thor  
  122  7:03  Infernal Pre-Igniter  
  122  7:07  SCV x2  
  130  7:09  Factory x2  
  130  7:10  SCV  
  131  7:19  Barracks Reactor  
  131  7:21  SCV  
  132  7:26  Command Center  
  132  7:27  Hellion x2  
  136  7:31  Viking x2  
  136  7:36  Siege Tank  
  143  7:45  Siege Tank  
  143  7:48  Supply Depot  
  143  7:50  Supply Depot  
  146  8:02  Factory Tech Lab  
  146  8:08  Siege Tank, Supply Depot  
  146  8:09  Supply Depot, Hellion x2  
  146  8:10  Viking x2, Hellion x2  
  161  8:18  Siege Tank  
  164  8:21  Hellion x6  
  164  8:22  Hellion x3  
  164  8:23  Supply Depot  
  164  8:24  Supply Depot  
  164  8:31  Siege Tank, Hellion x2  
  164  8:32  Hellion  
  164  8:33  Engineering Bay, Hellion  
  175  8:35  Supply Depot  
  175  8:37  Supply Depot  
  175  8:40  Siege Tank  
  178  8:50  Siege Tank  
  178  8:52  Hellion x2  
  178  8:54  Hellion x2  
  189  9:02  Refinery  
  189  9:03  Siege Tank  
  189  9:06  Refinery  
  192  9:12  Siege Tank  
  192  9:13  Hellion x2  
  199  9:23  Factory  
  199  9:26  Factory  
Tags
 
Add a new tag
Caveats
  • Supply blocks, unpowered buildings, or Contaminate may cause inaccurate times.
  • Supply counts are checked every 10 seconds.